AoeStats
← tarepo

Nomad

508422766Analyzed
4v4 RM · 8d ago on Sep 22, 2026· 74m 52s· 8 players
Game mode
Random Map
Map size
231×231
Population
200
Speed
Normal
Resources
Standard
Victory
Conquest
Starting age
Dark Age
Ending age
Imperial Age
RankedLock teamsTeams togetherTeam positionsShared explorationLock speedFull tech treeHidden civsTurbo modeCheats
Victory
Defeat
🇨🇿 Teutons · Czechia
664
+9
🇫🇷 Persians · France
628
+10
🇨🇭 Spanish · Switzerland
619
+10
🇧🇷 Vikings · Brazil
610
+11
🇨🇳 Wu · China
528
-11
🇬🇧 Japanese · United Kingdom
510
-11
🇨🇳 Wei · China
472
-9
🇨🇳 Chinese · China
465
-9
刺猬
3:34 Loom
17:17 Feudal Age
17:43 Double-Bit Axe
17:50 Stone Mining
18:03 Fishing Lines
18:25 Horse Collar
21:59 Gold Mining
24:24 Castle Age
25:22 Bow Saw
25:30 Gillnets
25:44 Heavy Plow
26:45 Wheelbarrow
27:12 Stone Shaft Mining
28:19 Treadmill Crane
29:05 Ballistics
30:14 Gold Shaft Mining
30:36 Murder Holes
32:04 Masonry
36:01 Imperial Age
34:09 Fletching
34:20 Padded Archer Armor
34:42 Arson
34:58 Squires
35:00 Bodkin Arrow
36:01 Hand Cart
36:50 Forging
38:42 Chemistry
37:46 Sitting Tiger
38:07 Conscription
39:05 Town Watch
40:09 Red Cliffs Tactics
41:18 Architecture
41:03 Bracer
42:05 Iron Casting
43:35 Two-Man Saw
43:08 Elite Fire Archer
greninja88
4:02 Loom
18:40 Feudal Age
20:25 Double-Bit Axe
22:26 Fishing Lines
25:33 Wheelbarrow
27:56 Castle Age
26:35 Fletching
26:55 Forging
27:07 Stone Mining
27:10 Gold Mining
30:05 Wheelbarrow
29:15 Town Watch
29:23 Town Watch
32:15 Town Watch
33:30 Scale Mail Armor
34:36 Gold Shaft Mining
35:40 Bow Saw
42:29 Imperial Age
40:24 Hand Cart
42:59 Town Patrol
43:41 Conscription
43:46 Squires
43:07 Pikeman
43:14 Pikeman
44:20 Bodkin Arrow
45:01 Iron Casting
44:28 Padded Archer Armor
44:45 Chain Mail Armor
44:32 Elite Samurai
45:48 Bracer
48:39 Blast Furnace
57:47 Plate Mail Armor
3184353558
5:02 Loom
16:53 Feudal Age
17:21 Double-Bit Axe
18:17 Wheelbarrow
17:28 Town Watch
17:26 Fishing Lines
21:10 Gold Mining
21:11 Stone Mining
28:20 Castle Age
37:35 Castle Age
38:41 Bow Saw
39:10 Hand Cart
41:04 Stone Shaft Mining
41:04 Gold Shaft Mining
47:34 Gillnets
55:09 Imperial Age
55:11 Elite Chu Ko Nu
58:44 Conscription
62:23 Two-Man Saw
62:18 Ballistics
63:02 Chemistry
62:31 Clinker Construction
63:12 Padded Archer Armor
63:02 Fletching
64:54 Leather Archer Armor
64:35 Bodkin Arrow
68:36 Ring Archer Armor
68:06 Bracer
Elite Savage
Cyranno du Cid
6:50 Loom
19:53 Feudal Age
20:14 Double-Bit Axe
21:07 Wheelbarrow
20:18 Town Watch
20:16 Fishing Lines
25:58 Stone Mining
31:40 Castle Age
31:18 Gold Mining
31:11 Horse Collar
32:37 Hand Cart
33:17 Town Patrol
34:41 Gillnets
36:09 Stone Shaft Mining
36:11 Gold Shaft Mining
36:35 Medium Warships
35:46 Demolition Ship
38:05 Bow Saw
37:58 Heavy Plow
41:05 Imperial Age
39:00 Caravan
40:42 Bloodlines
39:53 Light Cavalry
40:35 Husbandry
42:34 Kamandaran
43:42 Two-Man Saw
43:17 Crop Rotation
43:16 Heavy Warships
46:18 Coinage
45:59 Guilds
46:17 Elite War Elephant
48:17 Chemistry
47:38 Ballistics
47:29 Masonry
49:07 Hoardings
48:03 Heavy Scorpion
48:20 Elite Cannon Galleon
50:04 Banking
50:07 Murder Holes
53:10 Architecture
52:30 Heated Shot
54:37 Capped Ram
54:41 Onager
57:42 Guard Tower
57:57 Siphons
58:03 Clinker Construction
58:04 Careening
70:16 Citadels
70:27 Conscription
69:40 Sappers
70:40 Carvel Hull
70:33 Incendiaries
70:44 Dry Dock
69:51 Heavy Demolition Ship
Perones
4:19 Loom
15:32 Feudal Age
19:24 Stone Mining
21:47 Castle Age
22:05 Fletching
24:02 Horse Collar
25:06 Heavy Plow
26:42 Bodkin Arrow
29:13 Forging
31:28 Iron Casting
32:48 Scale Barding Armor
34:55 Light Cavalry
35:58 Chain Barding Armor
37:18 Scale Mail Armor
37:33 Gold Mining
40:51 Imperial Age
39:13 Chain Mail Armor
38:56 Double-Bit Axe
41:10 Squires
40:58 Gambesons
40:33 Pikeman
41:14 Town Watch
44:43 Blast Furnace
44:57 Bow Saw
47:36 Conscription
47:45 Conscription
51:04 Padded Archer Armor
51:34 Bracer
52:20 Elite Skirmisher
54:17 Leather Archer Armor
55:30 Ring Archer Armor
56:08 Ballistics
57:21 Chemistry
58:40 Crossbowman
60:40 Arbalester
64:04 Gold Shaft Mining
67:19 Cavalier
tarepo
9:42 Loom
14:47 Feudal Age
15:20 Fishing Lines
23:27 Castle Age
21:45 Double-Bit Axe
21:53 Gold Mining
23:21 Horse Collar
24:38 Wheelbarrow
25:56 Stone Mining
26:22 Town Watch
26:41 Light Cavalry
27:32 Bloodlines
29:46 Husbandry
32:58 Bow Saw
33:27 Stone Shaft Mining
34:53 Murder Holes
39:33 Imperial Age
37:21 Hand Cart
37:08 Town Patrol
38:10 Herbal Medicine
40:14 Forging
40:10 Scale Barding Armor
40:50 Conscription
40:55 Masonry
41:38 Caravan
43:03 Chain Barding Armor
43:19 Iron Casting
42:45 Padded Archer Armor
43:29 Architecture
43:12 Fortified Wall
44:26 Chemistry
43:32 Cavalier
50:10 Plate Barding Armor
50:35 Blast Furnace
49:51 Leather Archer Armor
49:29 Fletching
50:53 Elite Skirmisher
51:39 Thumb Ring
51:32 Bodkin Arrow
52:07 Ring Archer Armor
51:23 Onager
55:56 Two-Man Saw
64:19 Ballistics
64:01 Bracer
64:03 Scale Mail Armor
65:05 Chain Mail Armor
66:29 Plate Mail Armor
66:15 Paladin
74:45 Capped Ram
zibo4074
3:16 Loom
17:28 Feudal Age
18:27 Double-Bit Axe
19:17 Horse Collar
20:55 Fishing Lines
21:35 Gold Mining
24:12 Castle Age
21:54 Man-at-Arms
24:23 Stone Mining
25:25 Bow Saw
25:48 Heavy Plow
25:36 Arson
27:03 Forging
26:53 Scale Mail Armor
26:59 Scale Barding Armor
26:55 Padded Archer Armor
26:46 Fletching
27:59 Gillnets
28:49 Wheelbarrow
29:34 Elite Skirmisher
30:57 Squires
30:43 Gambesons
31:37 Pikeman
31:38 Long Swordsman
34:04 Hand Cart
33:46 Town Watch
35:38 Town Patrol
37:44 Stone Shaft Mining
40:32 Iron Casting
40:13 Chain Mail Armor
44:01 Imperial Age
43:52 Ballistics
43:22 Heated Shot
43:44 Masonry
44:15 Ironclad
45:00 Elite Teutonic Knight
46:03 Conscription
47:17 Chemistry
46:29 Fortified Wall
47:36 Onager
48:42 Crenellations
52:23 Cavalier
53:42 Plate Mail Armor
54:49 Sappers
55:54 Hoardings
57:35 Siege Onager
69:12 Crop Rotation
Connection lost

Rejoining the realm…

Still unreachable

The connection could not be restored.

Session expired

The server has moved on; the page needs a fresh start.